 Dungeon Crawl Stone Soup version 0.29.1-2-gbd0b4ee654 (webtiles) character file.

Game seed: 13223399378141920446

1498 styxcanada the Covert (level 8, -4/40 HPs)
             Began as a Spriggan Brigand on Nov 23, 2022.
             Was an Initiate of Gozag.
             Killed by divine providence
             ... invoked by an orc priest
              (10 damage)
             ... on level 7 of the Dungeon.
             The game lasted 00:28:08 (8437 turns).

styxcanada the Covert (Spriggan Brigand)            Turns: 8437, Time: 00:28:08

Health: -4/40      AC:  3    Str:  7    XL:     8   Next: 52%
Magic:  9/9        EV: 20    Int: 12    God:    Gozag
Gold:   389        SH:  0    Dex: 19    Spells: 7/7 levels left

rFire   . . .      SeeInvis +   B - +0 dagger (venom)
rCold   . . .      Faith    .   (no shield)
rNeg    . . .      Spirit   .   b - +0 robe
rPois   .          Reflect  .   (helmet restricted)
rElec   .          Harm     .   c - +0 cloak
rCorr   .          Rampage  .   (gloves unavailable)
Will    +....                   (boots unavailable)
Stlth   +++++.....              l - amulet of regeneration
HPRegen 0.93/turn               k - ring of flight
MPRegen 0.11/turn               (no ring)

@: gold aura, flying, very quick
A: very small, no large weapons, unfitting armour, see invisible, speed 3
a: Renounce Religion, Potion Petition, Call Merchant, Bribe Branch


You were on level 7 of the Dungeon.
You worshipped Gozag.
Gozag was aware of your devotion.
You visited 2 branches of the dungeon, and saw 8 of its levels.

You collected 485 gold pieces.
You paid 96 gold pieces to Gozag.

Inventory:

Hand Weapons
 a - a +2 dagger
 t - a +0 sling
 y - a +1 flail of holy wrath
 B - a +0 dagger of venom (weapon)
Missiles
 d - 22 poisoned darts (quivered)
 e - 4 curare-tipped darts
 g - 49 stones
 A - 3 atropa-tipped darts
Armour
 b - a +0 robe (worn)
 c - a +0 cloak (worn)
Magical Staves
 C - a staff of fire
Jewellery
 k - a ring of flight (left hand)
 l - an amulet of regeneration (around neck)
 o - an amulet of guardian spirit
 s - a ring of protection from cold
 u - a ring of magical power
Wands
 j - a wand of charming (1)
 v - a wand of roots (5)
 z - a wand of mindburst (7)
Scrolls
 p - a scroll of fear
 q - a scroll of fog
Potions
 f - 2 potions of magic
 h - 4 potions of haste
 i - a potion of cancellation {unknown}
 m - 4 potions of curing
 n - 7 potions of heal wounds
 r - 3 potions of ambrosia
 w - a potion of lignification {unknown}
 x - 4 potions of flight {unknown}


   Skills:
 * Level 3.3 Fighting
 + Level 4.5 Short Blades
 + Level 1.9 Ranged Weapons
 + Level 4.3 Throwing
 * Level 5.2 Dodging
 * Level 11.1 Stealth
 * Level 4.3 Evocations


You had 7 spell levels left.
You didn't know any spells.
Your spell library contained the following spells:

 Spells                   Type           Power      Damage    Failure   Level
 Freeze                   Ice            0%         1d3       32%         1
 Frozen Ramparts          Ice            0%         1d1       69%         3
 Hailstorm                Conj/Ice       0%         3d3       97%         4


Dungeon Overview and Level Annotations

Branches:
Dungeon (7/15)             Temple (1/1) D:5

Altars:
Ashenzari
Cheibriados
Dithmenos
Elyvilon
Fedhas
Gozag
Hepliaklqana
Kikubaaqudgha
Makhleb
Nemelex Xobeh
Okawaru
Qazlal
Ru
Sif Muna
Trog
Uskayaw
Vehumet
Wu Jian
Xom
Yredelemnul
The Shining One

Shops:
D:4 *


Innate Abilities, Weirdness & Mutations

You are very small and have problems with some larger weapons.
You are too small for most types of armour.
You have supernaturally acute eyesight. (SInv)
You cover ground extremely quickly. (Speed+++)


Message History

An orc priest comes into view. It is wielding a +0 hand axe.
An orc priest comes into view. It is wielding a +0 short sword.
You hit the orc.
The orc is poisoned.
The orc is moderately wounded.
You hit the orc.
The orc looks as sick as possible!
The orc is almost dead.
You kill the orc!
The orc priest mumbles some strange prayers to Beogh against you.
You resist with some effort. The orc closely misses you.
The orc completely misses you.
The orc priest invokes the aid of Beogh against you.
Beogh smites you! The orc priest completely misses you.
Things that are here:
7 gold pieces; a +0 club You hit the orc priest.
The orc priest is poisoned.
The orc priest is lightly wounded.
The orc misses you. The orc priest completely misses you.
You hit the orc priest.
The orc priest is lightly wounded.
The orc hits you with a +0 morningstar. The orc hits you with a +0 short sword.
The orc priest calls down the wrath of Beogh upon you.
Pain shoots through your body!
* * * LOW HITPOINT WARNING * * *
The orc priest calls down the wrath of Beogh upon you.
You resist with some effort.
Things that are here:
7 gold pieces; a +0 club The orc priest invokes the aid of Beogh against you.
Beogh smites you!
* * * LOW HITPOINT WARNING * * *
The orc priest miscasts a cantrip.
Throw: 23 darts (poison)
Press: ? - help, Q - select action, (/) - cycle Shift-Dir - straight line, f - orc
Aim: an orc, wielding a +0 short sword (64% to hit)
You throw a poisoned dart. The poisoned dart hits the orc!
The orc is poisoned.
Unknown command.
The orc priest invokes the aid of Beogh against you.
Beogh smites you!
You die...
Your body crumbles into a pile of gold.

##....#.$## #.#
#..###o## ..#
#####.o# #..
##.(## #..#
##..## #.. #.o##
#..##..#
######....##
.......@.##
.........#
########.### $
##...###
#..#...###
#.#####..####
###..........)###
##..#
#...............#
##....
#.............#..


You could see 2 orc priests and an orc (very poisoned).

Vanquished Creatures
  A water moccasin (D:6)
  3 sky beasts
  A black bear (D:5)
  A kobold brigand (D:6)
  2 necrophages
  4 wights (D:7)
  2 howler monkeys (D:6)
  A hound (D:5)
  2 jellies
  3 iguanas
  Terence (D:3)
  An orc wizard (D:7)
  10 gnolls (D:5)
  11 adders
  3 shadow imps
  2 ufetubi (D:5)
  2 dart slugs
  9 orcs
  6 endoplasms
  5 giant cockroaches
  9 goblins
  12 hobgoblins
  2 jackals (D:1)
  5 quokkas
  2 ball pythons (D:1)
  7 bats
  5 frilled lizards
  8 kobolds
  6 rats
126 creatures vanquished.

Vanquished Creatures (collateral kills)
  An orc (D:7)
1 creature vanquished.

Vanquished Creatures (others)
  A wight (D:7)
  4 orcs (D:7)
  23 plants (D:1)
28 creatures vanquished.

Grand Total: 155 creatures vanquished

Notes
Turn   | Place    | Note
-------+----------+-------------------------------------------
     0 | D:1      | styxcanada the Spriggan Brigand began the quest for the
                  | Orb.
     0 | D:1      | Reached XP level 1. HP: 10/10 MP: 2/2
    95 | D:1      | Reached skill level 6 in Stealth
   264 | D:1      | Reached XP level 2. HP: 4/14 MP: 3/3
  1462 | D:1      | Reached XP level 3. HP: 18/18 MP: 4/4
  1957 | D:2      | Reached skill level 7 in Stealth
  2751 | D:3      | Reached XP level 4. HP: 21/23 MP: 5/5
  2791 | D:3      | Found a faded altar of an unknown god.
  2794 | D:3      | Found a stormy altar of Qazlal.
  3041 | D:3      | Noticed Terence
  3066 | D:3      | Killed Terence
  3128 | D:3      | Reached skill level 8 in Stealth
  3266 | D:3      | Reached XP level 5. HP: 26/26 MP: 6/6
  4313 | D:4      | Found Tikleugh's Overcharged Wands.
  4315 | D:4      | Noticed a sky beast
  4358 | D:4      | Killed a sky beast
  4359 | D:4      | Reached skill level 1 in Evocations
  4921 | D:5      | Entered Level 5 of the Dungeon
  4947 | D:5      | Noticed a black bear
  4958 | D:5      | Reached XP level 6. HP: 30/30 MP: 7/7
  5052 | D:5      | Reached skill level 9 in Stealth
  5302 | D:5      | Found a staircase to the Ecumenical Temple.
  5308 | Temple   | Entered the Ecumenical Temple
  5731 | D:5      | Reached skill level 1 in Ranged Weapons
  5894 | D:5      | Reached XP level 7. HP: 35/35 MP: 8/8
  6423 | D:5      | Found a shimmering altar of Xom.
  6783 | D:6      | Found a hide-covered altar of Uskayaw.
  7115 | D:6      | Reached skill level 10 in Stealth
  7217 | D:6      | Reached XP level 8. HP: 38/39 MP: 9/9
  7343 | D:6      | Found an opulent altar of Gozag.
  7350 | D:6      | Became a worshipper of Gozag Ym Sagoz the Greedy
  7771 | D:6      | Found a sacrificial altar of Ru.
  8069 | D:7      | Identified the +4 war axe of Action {chaos, Int+3}
  8200 | D:7      | Reached skill level 11 in Stealth
  8204 | D:7      | Reached skill level 5 in Dodging
  8428 | D:7      | HP: 1/40 [orc priest/divine providence (10)]
  8437 | D:7      | Killed from afar by an orc priest

Illustrated notes

Levels and vault maps discovered:
D:1:      dpeg_arrival_pond, layout_loops_corners, serial_bayou_lagoon_a,
          minivault_11
D:2:      layout_basic
D:3:      layout_basic, nicolae_overflow_ecumenical_swirl, uniq_terence
D:4:      layout_layer_cave, serial_rivers, chequers_serial_rivers_micro_a,
          chequers_serial_rivers_small_3, chequers_serial_rivers_room_b,
          chequers_serial_rivers_micro_a, small_statue_intersection,
          nicolae_shop_overcharged_wands
D:5:      layout_basic, marbit_many_paths, minmay_temple_entry_fiery,
          nicolae_zen_rock_garden
D:6:      layout_basic, general_overflow_altar, grunt_gozag_statues,
          mainiacjoe_overflow_cross_hatched, chequers_serial_rivers_marsh
D:7:      layout_cave_pods, serial_shops, kennysheep_mini_moat
Temple:   nicolae_temple_superstar

Skill      XL: |  1  2  3  4  5  6  7  8 |
---------------+-------------------------+-----
Stealth        | 6 7 8 9 10 11 | 11.1
Dodging        | 2 3 4 5 |  5.2
Short Blades   | 3 4 |  4.5
Fighting       | 2 3 |  3.3
Evocations     | 1 2 3 4 |  4.3
Throwing       | 3 4 |  4.3
Ranged Weapons | 1 |  1.9

Action                   |  1- 3 |  4- 6 |  7- 9 || total
-------------------------+-------+-------+-------++-------
Melee: Dagger            |   107 |    82 |   130 ||   319
       Punch             |     1 |     1 |       ||     2
 Fire: Sling             |       |    29 |     5 ||    34
Throw: Dart              |     9 |    50 |    45 ||   104
Evoke: Wand              |       |       |    13 ||    13
  Use: Scroll            |       |     9 |     3 ||    12
 Stab: Sleeping          |    14 |    12 |    11 ||    37
       Distracted        |       |       |     1 ||     1
Armor: Robe              |     5 |     6 |     9 ||    20
Dodge: Dodged            |    62 |    56 |    85 ||   203
